 Dungeon Crawl Stone Soup version 0.23-a0-484-g29ba69c (webtiles) character file.

145 zishaf the Stinger (level 5, -6/31 HPs)
             Began as an Octopode Venom Mage on Dec 1, 2018.
             Killed from afar by an orc wizard (13 damage)
             ... with a puff of flame
             ... on level 3 of the Dungeon.
             The game lasted 00:06:50 (2739 turns).

zishaf the Stinger (Octopode Venom Mage)            Turns: 2739, Time: 00:06:50

Health: -6/31      AC:  1    Str:  7    XL:     5   Next: 27%
Magic:  6/9        EV: 14    Int: 18    God:
Gold:   65         SH:  0    Dex: 13    Spells: 3/9 levels left

rFire    . . .     SeeInvis .   a - +0 short sword
rCold    . . .     Gourm    .   (no shield)
rNeg     . . .     Faith    .   (helmet restricted)
rPois    .         Spirit   .   (no amulet)
rElec    .         Reflect  .   (no ring)
rCorr    .         Harm     .   (no ring)
MR       .....                  (no ring)
Stlth    ++++......             (no ring)
HPRegen  0.10/turn              (no ring)
MPRegen  0.11/turn              (no ring)
                                (no ring)
                                (no ring)

@: very slightly contaminated
A: almost no armour, stealthy swim, amphibious, 8 rings, constrict 8, camouflage
1, gelatinous body 1
a: no special abilities


You were on level 3 of the Dungeon.
You were near starving.

You visited 1 branch of the dungeon, and saw 3 of its levels.

You collected 65 gold pieces.

Inventory:

Hand Weapons
 a - a +0 short sword (weapon)
Missiles
 e - 75 stones (quivered)
Scrolls
 c - a scroll of random uselessness {unknown}
 d - 2 scrolls of teleportation {unknown}
 g - 3 scrolls of amnesia {unknown}
 h - 2 scrolls of identify {unknown}
Potions
 i - 3 potions of lignification {unknown}
 j - a potion of curing {unknown}
Comestibles
 b - 3 rations


   Skills:
 + Level 2.9 Dodging
 + Level 4.0 Stealth
 + Level 2.8 Spellcasting
 + Level 2.2 Conjurations
 + Level 4.4 Poison Magic


You had 3 spell levels left.
You knew the following spells:

 Your Spells              Type           Power        Failure   Level  Hunger
a - Sting                 Conj/Pois      ##..         4%          1    None
b - Poisonous Vapours     Pois/Air       ##....       10%         2    ##.....
c - Mephitic Cloud        Conj/Pois/Air  ##......     21%         3    ###....

Your spell library contained the following spells:

 Spells                   Type           Power        Failure   Level  Hunger
 Olgreb's Toxic Radiance  Pois           ###.....     26%         4    ####...
 Venom Bolt               Conj/Pois      ##........   75%         5    ######.


Dungeon Overview and Level Annotations

Branches:
Dungeon (3/15)

Altars:
Wu Jian

Annotations:
D:1 exclusion: downstairs
D:2 2 exclusions, Terence


Innate Abilities, Weirdness & Mutations

You cannot wear most types of armour.
You are very stealthy in the water. (Stealth+)
You are amphibious.
You can wear up to eight rings at the same time.
You can use your tentacles to constrict eight enemies at once.
Your skin changes colour to match your surroundings (Stealth+).
Your rubbery body absorbs attacks. (AC +1, EV +1)


Message History

The orc wizard casts a spell at you. The puff of flame hits you!
The orc wizard barely misses you.
You hit the orc wizard but do no damage.
Your squeeze misses the orc wizard.
The orc wizard is moderately wounded.
You constrict the orc wizard. The orc wizard barely misses you.
The orc wizard hits you with a +0 dagger.
You hit the orc wizard but do no damage.
You squeeze the orc wizard, but do no damage.
The orc wizard is heavily wounded.
You constrict the orc wizard.
The orc wizard casts a cantrip, but nothing happens.
The orc wizard hits you with a +0 dagger.
* * * LOW HITPOINT WARNING * * *
You hit the orc wizard.
The orc wizard is severely wounded.
You constrict the orc wizard.
The orc wizard points at you and mumbles some strange words.
The puff of flame hits you!
You die...

#########
#######.÷.....#
.......÷.....>#
....##.#####.#
##.
#÷...#######
####@......#
#####oo...#.#
#.).....#.#
#.##...##.#
#.#.......#
#o#......<#
#.##..........#
#..(........#.#
#####......##


You could see 2 orc wizards.

Vanquished Creatures
  A worker ant (D:3)
  3 gnolls (D:2)
  4 adders (D:2)
  A worm (D:2)
  2 dart slugs (D:1)
  2 leopard geckos
  2 orcs
  4 ball pythons
  2 giant cockroaches
  3 goblins
  2 hobgoblins
  5 jackals
  A quokka (D:2)
  5 bats
  12 frilled lizards
  2 kobolds
  5 rats
56 creatures vanquished.

Notes
Turn   | Place    | Note
-------+----------+-------------------------------------------
     0 | D:1      | zishaf the Octopode Venom Mage began the quest for the Orb.
     0 | D:1      | Reached XP level 1. HP: 11/11 MP: 3/3
   166 | D:1      | Reached XP level 2. HP: 10/17 MP: 1/5
  1016 | D:1      | Reached XP level 3. HP: 21/21 MP: 6/6
  1607 | D:2      | Noticed Terence
  1615 | D:1      | Learned a level 2 spell: Poisonous Vapours
  1619 | D:1      | Learned a level 3 spell: Mephitic Cloud
  1653 | D:2      | Found an ornate altar of the Wu Jian Council.
  1659 | D:2      | Reached XP level 4. HP: 16/27 MP: 1/7
  2296 | D:2      | Reached XP level 5. HP: 31/31 MP: 6/9
  2739 | D:3      | Killed from afar by an orc wizard

Vault maps used:
D:1:      dpeg_arrival_water_fire
D:2:      lemuel_round_altar, minmay_lizard_king, uniq_terence
D:3:      wad_crossroads

Skill      XL: |  1  2  3  4  5 |
---------------+----------------+-----
Stealth        | 3 4 |  4.0
Poison Magic   | 4 |  4.4
Conjurations   | 2 |  2.2
Dodging        | |  2.9
Spellcasting   | |  2.8

Action                   |  1- 3 |  4- 6 || total
-------------------------+-------+-------++-------
Melee: Short sword       |    65 |    39 ||   104
       Constrict         |    18 |     6 ||    24
       Tentacles         |     9 |     4 ||    13
 Cast: Sting             |    11 |     4 ||    15
       Poisonous Vapours |     1 |    14 ||    15
       Mephitic Cloud    |     1 |     1 ||     2
 Stab: Sleeping          |     7 |     5 ||    12
       Distracted        |     1 |       ||     1
  Eat: Chunk             |     2 |       ||     2
       Ration            |       |     1 ||     1
Armor: Skin              |     5 |     4 ||     9
Dodge: Dodged            |    51 |    31 ||    82

Table legend:
 A = Non-vault XP
 B = Vault XP
 C = Vault XP percentage of total XP
 D = Non-vault monster count
 E = Vault monster count
 F = Vault count percentage of total count
                 A         B        C        D         E       F
            +---------+---------+-------+---------+---------+-------
      Total |     199 |       9 |   4.3 |      49 |       7 |  12.5
            +---------+---------+-------+---------+---------+-------
        D:1 |      35 |       3 |   7.9 |      20 |       1 |   4.8
        D:2 |     121 |       6 |   4.7 |      22 |       6 |  21.4
        D:3 |      43 |       0 |   0.0 |       7 |       0 |   0.0
            +---------+---------+-------+---------+---------+-------
